[Event "Kragero Resort Title 2024"]
[Site "Kragero"]
[Date "2024.02.22"]
[Round "3.26"]
[White "Amundsen, Ask"]
[Black "Grave, Jacob Templen"]
[Result "1-0"]
[ECO "A04"]
[WhiteElo "2026"]
[BlackElo "2273"]
[Annotator "RC"]
[PlyCount "207"]
[EventDate "2024.02.21"]
[EventType "swiss"]
[EventCountry "NOR"]
[SourceTitle "playchess.com"]
[Source "ChessBase"]
[SourceQuality "1"]
[TimeControl "5400+30"]

1. Nf3 c5 2. g3 Nc6 3. Bg2 e5 4. e4 g6 5. O-O Bg7 6. Nc3 Nge7 7. d3 O-O 8. Bg5 f6 9. Be3 d6 10. Qd2 Rb8 11. a4 a6 12. Bh6 Be6 13. Bxg7 Kxg7 14. Nh4 g5 15. Nf3 h6 16. Nd5 Bxd5 17. exd5 Nd4 18. Nxd4 cxd4 19. c4 dxc3 20. bxc3 Qa5 21. d4 Rfc8 22. dxe5 fxe5 23. f4 Qc5+ 24. Kh1 exf4 25. gxf4 Qxc3 26. Qe2 Re8 27. Rac1 Qf6 28. fxg5 Qxg5 29. Qe6 Qg6 30. Rc7 Qxe6 31. dxe6 Kg6 32. Bxb7 Kg5 33. Bxa6 Ng6 34. Bc4 Re7 35. Rg1+ Kf4 36. Rd7 Rxd7 37. exd7 Ne5 38. Bb5 d5 39. Rf1+ Ke4 40. Rf6 d4 41. Re6 Kd5 42. Re8 Nxd7 43. Bxd7 Rb1+ 44. Kg2 d3 45. Bb5 Rb2+ 46. Kf3 d2 47. Ke2 d1=Q+ 48. Kxd1 Rxh2 49. Re2 Rh1+ 50. Kd2 Kc5 51. Ke3 Rh3+ 52. Kf4 h5 53. Kg5 Kd5 54. Re7 Rh1 55. Rh7 Rg1+ 56. Kxh5 Kc5 57. Rc7+ Kb6 58. Rc4 Ka5 59. Rg4 Rh1+ 60. Kg5 Re1 61. Kf5 Re3 62. Re4 Rh3 63. Ke5 Rh5+ 64. Kd6 Rh6+ 65. Re6 Rh7 66. Re7 Rh6+ 67. Kc7 Rh1 68. Bc6 Rh5 69. Kb7 Rg5 70. Ka7 Rc5 71. Be8 Rg5 72. Rb7 Rg8 73. Bd7 Rg7 74. Kb8 Rg8+ 75. Kc7 Rg7 76. Ra7+ Kb4 77. a5 Rg6 78. a6 Ka5 79. Bc6 Rg7+ 80. Kb8 Rg6 81. Kc7 Rg7+ 82. Bd7 Rh7 83. Ra8 Rg7 84. a7 Ka6 85. Rb8 Kxa7 86. Rb2 Rg6 87. Rb7+ Ka6 88. Rb8 Ka7 89. Rb1 Rh6 90. Bc6 Rh7+ 91. Kd6 Rh2 92. Bd5 Rc2 93. Bc6 Rh2 94. Bd5 Rc2 95. Rb3 Ka6 96. Bc6 Ka5 97. Rb5+ Ka6 98. Rh5 Kb6 99. Rb5+ Ka6 100. Kc7 Rc4 101. Rh5 Rc1 102. Rh4 Ra1 103. Rh8 Ka5 104. Ra8+ 1-0

[Event "Kragero Resort Title 2024"]
[Site "Kragero"]
[Date "2024.02.22"]
[Round "3.27"]
[White "Hestholm, Gustav"]
[Black "Doluhanova, Evgeniya"]
[Result "1/2-1/2"]
[ECO "C67"]
[WhiteElo "1942"]
[BlackElo "2263"]
[Annotator "RC"]
[PlyCount "118"]
[EventDate "2024.02.21"]
[EventType "swiss"]
[EventCountry "NOR"]
[SourceTitle "playchess.com"]
[Source "ChessBase"]
[SourceQuality "1"]
[TimeControl "5400+30"]

1. e4 e5 2. Nf3 Nc6 3. Bb5 Nf6 4. O-O Nxe4 5. d4 Nd6 6. Bxc6 dxc6 7. dxe5 Nf5 8. Qxd8+ Kxd8 9. Nc3 Be7 10. h3 Nh4 11. Nxh4 Bxh4 12. Be3 h5 13. Rad1+ Ke8 14. f3 Bf5 15. Rd2 Rd8 16. Rxd8+ Kxd8 17. Rc1 Re8 18. g4 Bd7 19. Bf4 f6 20. exf6 Bxf6 21. Bd2 hxg4 22. hxg4 b5 23. Re1 Be6 24. b3 Bxc3 25. Bxc3 Bd5 26. Rxe8+ Kxe8 27. Kf2 g6 28. Bd4 a5 29. Ke3 Kd7 30. Bc5 Ke6 31. Kf4 a4 32. Bb4 Kd7 33. Ba3 Kc8 34. Bc5 Kb7 35. Ke3 Ka6 36. f4 Be6 37. Kf3 Bd5+ 38. Ke3 Be6 39. f5 gxf5 40. g5 axb3 41. axb3 b4 42. Bxb4 Kb5 43. Bc3 Bf7 44. Kf4 Bg6 45. Be1 Kc5 46. Ke5 f4 47. c3 f3 48. Kf4 Bh5 49. Kf5 Bf7 50. b4+ Kc4 51. g6 Bd5 52. Kf4 c5 53. bxc5 Kxc5 54. Ke3 Kc4 55. Bg3 c6 56. Be5 Kb3 57. g7 c5 58. g8=Q Bxg8 59. Kxf3 c4 1/2-1/2

[Event "Kragero Resort Title 2024"]
[Site "Kragero"]
[Date "2024.02.22"]
[Round "3.28"]
[White "Khachatryan, Vahagn"]
[Black "Solbu, Lasse Tveter"]
[Result "1-0"]
[ECO "C04"]
[WhiteElo "2251"]
[BlackElo "1896"]
[Annotator "RC"]
[PlyCount "75"]
[EventDate "2024.02.21"]
[EventType "swiss"]
[EventCountry "NOR"]
[SourceTitle "playchess.com"]
[Source "ChessBase"]
[SourceQuality "1"]
[TimeControl "5400+30"]

1. e4 e6 2. d4 d5 3. Nd2 Nc6 4. Ngf3 Nf6 5. e5 Nd7 6. Bb5 a6 7. Bxc6 bxc6 8. c4 c5 9. O-O c6 10. Qa4 Bb7 11. cxd5 cxd5 12. Nb3 Qb6 13. dxc5 Bxc5 14. Nxc5 Qxc5 15. Be3 Qb5 16. Qg4 d4 17. Qxg7 O-O-O 18. Nxd4 Qd5 19. f3 Nxe5 20. Rfd1 Rhg8 21. Qf6 Rg6 22. Qf4 Rdg8 23. Rac1+ Nc4 24. Nxe6 Rxg2+ 25. Kf1 Qxd1+ 26. Rxd1 Nxe3+ 27. Qxe3 fxe6 28. Qxe6+ Kb8 29. Rd8+ Rxd8 30. Kxg2 Rd3 31. Qg8+ Ka7 32. Qxh7 Rd2+ 33. Kg3 Rxb2 34. Qf7 Kb8 35. h4 Rb1 36. h5 Rg1+ 37. Kf2 Rh1 38. h6 1-0

[Event "Kragero Resort Title 2024"]
[Site "Kragero"]
[Date "2024.02.22"]
[Round "3.29"]
[White "Tollefsen, Jacob"]
[Black "Kanyamarala, Trisha"]
[Result "0-1"]
[ECO "A21"]
[WhiteElo "1909"]
[BlackElo "2243"]
[Annotator "RC"]
[PlyCount "146"]
[EventDate "2024.02.21"]
[EventType "swiss"]
[EventCountry "NOR"]
[SourceTitle "playchess.com"]
[Source "ChessBase"]
[SourceQuality "1"]
[TimeControl "5400+30"]

1. c4 e5 2. Nc3 Bb4 3. Qb3 Be7 4. Nf3 d6 5. d4 exd4 6. Nxd4 Nf6 7. g3 O-O 8. Bg2 c6 9. O-O a5 10. e4 Na6 11. h3 Qc7 12. Be3 Re8 13. Rfd1 Nc5 14. Qc2 h6 15. b3 Bf8 16. a3 Qe7 17. Re1 g6 18. Rad1 Bg7 19. f3 Kh7 20. Qd2 Qc7 21. b4 axb4 22. axb4 Ne6 23. Nc2 Nh5 24. Ne2 Ra2 25. Qd3 Rd8 26. f4 Nf6 27. Ncd4 Nxd4 28. Bxd4 c5 29. Bc3 cxb4 30. e5 bxc3 31. Nxc3 Rxg2+ 32. Kxg2 Ne8 33. Nb5 Qc6+ 34. Qe4 Qb6 35. Qe3 Qc6+ 36. Qe4 Bd7 37. Nxd6 Nxd6 38. Rxd6 Qxd6 39. exd6 Bc6 40. Qxc6 bxc6 41. c5 Bd4 42. Rc1 Kg8 43. Rc4 Bf6 44. Kf3 Kf8 45. f5 Rb8 46. fxg6 fxg6 47. Rf4 Kf7 48. Ra4 Rb5 49. Ra7+ Ke6 50. d7 Rxc5 51. d8=Q Bxd8 52. Rg7 Kf6 53. Rd7 Rd5 54. Ra7 Rd3+ 55. Kf4 Be7 56. Ra6 Bd6+ 57. Ke4 Rxg3 58. Rxc6 Ke6 59. Rc8 Rxh3 60. Rg8 Rh4+ 61. Kf3 g5 62. Rg6+ Ke5 63. Kg2 Rg4+ 64. Kf3 Rf4+ 65. Kg2 Rf6 66. Rg8 Kf5 67. Kh3 h5 68. Ra8 Kg6 69. Rg8+ Kf5 70. Ra8 Re6 71. Ra5+ Re5 72. Ra6 Re3+ 73. Kg2 Bf4 0-1

[Event "Kragero Resort Title 2024"]
[Site "Kragero"]
[Date "2024.02.22"]
[Round "3.30"]
[White "Torosyan, Volodya"]
[Black "Aayush Bhattacherjee"]
[Result "1/2-1/2"]
[ECO "B01"]
[WhiteElo "1889"]
[BlackElo "2410"]
[Annotator "RC"]
[PlyCount "78"]
[EventDate "2024.02.21"]
[EventType "swiss"]
[EventCountry "NOR"]
[SourceTitle "playchess.com"]
[Source "ChessBase"]
[SourceQuality "1"]
[TimeControl "5400+30"]

1. e4 d5 2. exd5 Qxd5 3. Nc3 Qd8 4. d4 Nf6 5. Nf3 Bg4 6. Bc4 e6 7. O-O c6 8. Be3 Be7 9. h3 Bh5 10. Be2 O-O 11. Ne5 Bxe2 12. Nxe2 Nbd7 13. Nxd7 Qxd7 14. c4 b5 15. b3 Rfd8 16. Qc2 Rac8 17. Rfd1 b4 18. a3 bxa3 19. Bc1 Qc7 20. Bxa3 Bxa3 21. Rxa3 c5 22. Raa1 cxd4 23. Nxd4 Qb6 24. Nb5 a6 25. Nc3 Nd7 26. Ne4 f5 27. Nc3 Nc5 28. Rxd8+ Rxd8 29. Rb1 Qb4 30. Na2 Qd2 31. Qxd2 Rxd2 32. Nb4 a5 33. Nc6 Ra2 34. Nxa5 Rxa5 35. b4 Ra4 36. bxc5 Rxc4 37. Rb8+ Kf7 38. Rc8 h6 39. c6 Rc5 1/2-1/2

[Event "Kragero Resort Title 2024"]
[Site "Kragero"]
[Date "2024.02.22"]
[Round "3.31"]
[White "Hamitevici, Vladimir"]
[Black "Persson, Sebastian"]
[Result "1-0"]
[ECO "D11"]
[WhiteElo "2470"]
[BlackElo "2024"]
[Annotator "RC"]
[PlyCount "160"]
[EventDate "2024.02.21"]
[EventType "swiss"]
[EventCountry "NOR"]
[SourceTitle "playchess.com"]
[Source "ChessBase"]
[SourceQuality "1"]
[TimeControl "5400+30"]

1. d4 d5 2. c4 c6 3. Nf3 Nf6 4. Qb3 e6 5. Bf4 Be7 6. Nc3 O-O 7. e3 Nbd7 8. h3 Re8 9. Be2 Nf8 10. Ne5 N6d7 11. Nd3 Ng6 12. Bh2 Bf6 13. cxd5 exd5 14. O-O Nb6 15. Nc5 Be7 16. a4 Bxc5 17. dxc5 Nd7 18. Qb4 Qg5 19. Bg3 Qe7 20. Bd6 Qg5 21. Kh2 Nh4 22. Qg4 Qf6 23. Bg3 Nf5 24. e4 Nh6 25. Qf3 Qxf3 26. Bxf3 d4 27. Ne2 d3 28. Nc3 Nxc5 29. b4 Nb3 30. Ra3 Be6 31. Bf4 Bc4 32. Be3 Rad8 33. Bxa7 Nd4 34. Bxd4 Rxd4 35. Rd1 Red8 36. Rd2 f6 37. Bd1 Nf7 38. f3 Ne5 39. f4 Nf7 40. Kg3 g5 41. fxg5 fxg5 42. Ra1 Ne5 43. Rb1 Kg7 44. b5 cxb5 45. Nxb5 Rxe4 46. Nc3 Red4 47. Rxb7+ R8d7 48. Rxd7+ Rxd7 49. Ne4 h6 50. Rb2 Bd5 51. Nd2 Nc4 52. Nxc4 Bxc4 53. Rb4 Be6 54. Kf2 Bf5 55. Ke3 Re7+ 56. Kd2 Be4 57. g3 Bf5 58. h4 gxh4 59. gxh4 Kf6 60. Bf3 Ra7 61. Be4 Ra5 62. Bxf5 Rxf5 63. Kxd3 Ke7 64. Rd4 Rc5 65. Rc4 Rf5 66. Kc3 Kd6 67. Kb4 Rf1 68. Kb5 Rf5+ 69. Kb6 Kd7 70. Kb7 Rd5 71. Rb4 Rc5 72. Rd4+ Ke7 73. Kb6 Rc1 74. Rd5 Rc4 75. a5 Rxh4 76. a6 Rb4+ 77. Rb5 Ra4 78. a7 Kd6 79. Ra5 Rb4+ 80. Ka6 Kc7 1-0

[Event "Kragero Resort Title 2024"]
[Site "Kragero"]
[Date "2024.02.22"]
[Round "3.32"]
[White "Mierins, Emils Janis"]
[Black "Ji, Jiahao Eric"]
[Result "1/2-1/2"]
[ECO "B53"]
[WhiteElo "2220"]
[BlackElo "1971"]
[Annotator "RC"]
[PlyCount "70"]
[EventDate "2024.02.21"]
[EventType "swiss"]
[EventCountry "NOR"]
[SourceTitle "playchess.com"]
[Source "ChessBase"]
[SourceQuality "1"]
[TimeControl "5400+30"]

1. e4 c5 2. Nf3 d6 3. d4 cxd4 4. Qxd4 Nc6 5. Bb5 Bd7 6. Qd3 Nf6 7. c4 Ne5 8. Bxd7+ Qxd7 9. Nxe5 dxe5 10. Qe2 e6 11. O-O Qc6 12. Re1 Bc5 13. Bg5 h6 14. Bh4 Bb4 15. Nd2 Rd8 16. Red1 Bxd2 17. Rxd2 Rxd2 18. Qxd2 g5 19. Bg3 Nxe4 20. Qe3 f6 21. Qxa7 O-O 22. Rd1 Kg7 23. b3 h5 24. f3 Nxg3 25. hxg3 Rf7 26. c5 g4 27. Qb6 Rd7 28. Rxd7+ Qxd7 29. fxg4 hxg4 30. Kh2 Kg6 31. b4 Qd2 32. Qxb7 Qh6+ 33. Kg1 Qc1+ 34. Kh2 Qh6+ 35. Kg1 Qc1+ 1/2-1/2

[Event "Kragero Resort Title 2024"]
[Site "Kragero"]
[Date "2024.02.22"]
[Round "3.33"]
[White "Christensen, Jan Schleicher"]
[Black "Abramov, Artem"]
[Result "1-0"]
[ECO "E01"]
[WhiteElo "2182"]
[BlackElo "1931"]
[Annotator "ChessBase"]
[PlyCount "113"]
[EventDate "2024.02.21"]
[EventType "swiss"]
[EventCountry "NOR"]
[SourceTitle "playchess.com"]
[Source "ChessBase"]
[SourceQuality "1"]
[TimeControl "5400+30"]

1. d4 d5 2. c4 c6 3. Nf3 Nf6 4. Nc3 e6 5. g3 dxc4 6. Bg2 Nbd7 7. O-O b5 8. Ng5 Qb6 9. a4 b4 10. a5 Qa6 11. Nb1 h6 12. Nh3 Bb7 13. e4 Be7 14. Re1 c5 15. d5 Ne5 16. Qa4+ Nfd7 17. Rd1 exd5 18. exd5 O-O-O 19. Qc2 Nd3 20. Nd2 N7e5 21. Nxc4 Qxc4 22. Qxc4 Nxc4 23. Rxd3 Bf6 24. a6 Ba8 25. Rb1 Rhe8 26. Be3 Nxb2 27. Rd2 Na4 28. Nf4 Nc3 29. Bh3+ Kc7 30. Rc1 Kb6 31. Rb2 Rxe3 32. fxe3 Nxd5 33. Rbc2 Nxe3 34. Rxc5 Bd4 35. Rc8 Nc4+ 36. Kf1 Rxc8 37. Bxc8 Ne3+ 38. Ke2 Be4 39. Bb7 Bxb7 40. axb7 Kxb7 41. Kd3 Bb6 42. Re1 g5 43. Nh5 Nd5 44. Rf1 a5 45. Rxf7+ Kc6 46. Nf6 Bg1 47. h3 Bh2 48. Ne4 Kb5 49. Rf1 Nc3 50. Nxc3+ bxc3 51. Rf3 Kb4 52. Kc2 h5 53. Rxc3 h4 54. g4 a4 55. Rc6 Be5 56. Re6 Bc3 57. Re4+ 1-0

[Event "Kragero Resort Title 2024"]
[Site "Kragero"]
[Date "2024.02.22"]
[Round "3.34"]
[White "Bazilius, Augustinas"]
[Black "Berzina, Ilze"]
[Result "1/2-1/2"]
[ECO "A11"]
[WhiteElo "2030"]
[BlackElo "2161"]
[Annotator "RC"]
[PlyCount "45"]
[EventDate "2024.02.21"]
[EventType "swiss"]
[EventCountry "NOR"]
[SourceTitle "playchess.com"]
[Source "ChessBase"]
[SourceQuality "1"]
[TimeControl "5400+30"]

1. Nf3 Nf6 2. g3 d5 3. Bg2 Bg4 4. Ne5 Bf5 5. c4 c6 6. cxd5 cxd5 7. Nc3 e6 8. Qa4+ Nbd7 9. g4 Bg6 10. h4 h6 11. Nxg6 fxg6 12. g5 hxg5 13. hxg5 Rxh1+ 14. Bxh1 Nh5 15. d3 Qb6 16. Qb5 Bc5 17. Qxb6 Nxb6 18. e4 O-O-O 19. Ne2 Rf8 20. Be3 Bxe3 21. fxe3 Kd7 22. Rc1 Kd6 23. Bg2 1/2-1/2

[Event "Kragero Resort Title 2024"]
[Site "Kragero"]
[Date "2024.02.22"]
[Round "3.35"]
[White "Fiskaaen, Martin Holten"]
[Black "Elsness, Fredrik Valstad"]
[Result "0-1"]
[ECO "D85"]
[WhiteElo "2154"]
[BlackElo "1783"]
[Annotator "RC"]
[PlyCount "84"]
[EventDate "2024.02.21"]
[EventType "swiss"]
[EventCountry "NOR"]
[SourceTitle "playchess.com"]
[Source "ChessBase"]
[SourceQuality "1"]
[TimeControl "5400+30"]

1. d4 Nf6 2. c4 g6 3. Nc3 d5 4. cxd5 Nxd5 5. Bd2 c5 6. dxc5 Bg7 7. Qc1 O-O 8. e4 Nb4 9. a3 Nd3+ 10. Bxd3 Qxd3 11. Nge2 Rd8 12. Bh6 Be6 13. h4 Bxc3+ 14. Qxc3 Qxc3+ 15. Nxc3 Bb3 16. Be3 Nc6 17. Ne2 Rac8 18. O-O Ne5 19. Nd4 Bc4 20. Rfc1 Bd3 21. Nf3 Nc4 22. Bd4 Na5 23. Rc3 Bxe4 24. Be3 Bxf3 25. gxf3 Nc6 26. b4 Nd4 27. Bxd4 Rxd4 28. Re1 Kf8 29. Re4 Rcd8 30. c6 Rd1+ 31. Kg2 bxc6 32. Rxc6 R8d7 33. Rec4 Ra1 34. Rc8+ Kg7 35. R8c7 Rdd1 36. Rxe7 Rg1+ 37. Kh3 Rh1+ 38. Kg4 Rag1+ 39. Kf4 Rxh4+ 40. Ke5 Rxc4 41. Rxa7 Ra1 42. Kd5 Rxb4 0-1

[Event "Kragero Resort Title 2024"]
[Site "Kragero"]
[Date "2024.02.22"]
[Round "3.36"]
[White "Berget, Eirik"]
[Black "Vingris, Mikelis"]
[Result "1/2-1/2"]
[ECO "B86"]
[WhiteElo "1960"]
[BlackElo "2256"]
[Annotator "RC"]
[PlyCount "96"]
[EventDate "2024.02.21"]
[EventType "swiss"]
[EventCountry "NOR"]
[SourceTitle "playchess.com"]
[Source "ChessBase"]
[SourceQuality "1"]
[TimeControl "5400+30"]

1. e4 c5 2. Nf3 d6 3. d4 cxd4 4. Nxd4 Nf6 5. Nc3 a6 6. Bc4 e6 7. a4 Be7 8. O-O Qc7 9. Bd3 Nbd7 10. Be3 b6 11. f4 Bb7 12. Qf3 Nc5 13. Rfe1 h5 14. h3 h4 15. Rac1 Rc8 16. b4 Nxd3 17. cxd3 Qb8 18. b5 Nd7 19. Qg4 Bf6 20. bxa6 Bxa6 21. Ncb5 Nc5 22. Nxd6+ Qxd6 23. e5 Qd5 24. exf6 gxf6 25. f5 e5 26. Nf3 Ke7 27. Qb4 Bb7 28. Qxb6 Nxd3 29. Rc7+ Rxc7 30. Qxc7+ Kf8 31. Rb1 Ba8 32. Bh6+ Rxh6 33. Rb8+ Kg7 34. Qc8 Qc5+ 35. Qxc5 Nxc5 36. Rxa8 Rh5 37. a5 Rxf5 38. a6 e4 39. a7 exf3 40. gxf3 Nd7 41. Rb8 Nb6 42. Rxb6 Ra5 43. Rb4 Rxa7 44. Rxh4 Ra2 45. Rg4+ Kh6 46. Rg2 Ra1+ 47. Kf2 Ra2+ 48. Kg1 Ra1+ 1/2-1/2

[Event "Kragero Resort Title 2024"]
[Site "Kragero"]
[Date "2024.02.22"]
[Round "3.37"]
[White "Olde, Margareth"]
[Black "Pedersen, Max Moe"]
[Result "1-0"]
[ECO "D46"]
[WhiteElo "2179"]
[BlackElo "2027"]
[Annotator "ChessBase"]
[PlyCount "43"]
[EventDate "2024.02.21"]
[EventType "swiss"]
[EventCountry "NOR"]
[SourceTitle "playchess.com"]
[Source "ChessBase"]
[SourceQuality "1"]
[TimeControl "5400+30"]

1. d4 d5 2. Nf3 Nf6 3. c4 c6 4. e3 e6 5. Nbd2 Be7 6. Bd3 Nbd7 7. O-O O-O 8. e4 dxe4 9. Nxe4 c5 10. Nxc5 Nxc5 11. dxc5 Bxc5 12. Bg5 h6 13. Bh4 b6 14. Qe2 Bb7 15. Rad1 Qe7 16. Ne5 Rad8 17. Ng4 Bd4 18. Bb1 Qc5 19. Nxf6+ gxf6 20. Qg4+ Kh8 21. Rxd4 Qe5 22. Qf4 1-0

[Event "Kragero Resort Title 2024"]
[Site "Kragero"]
[Date "2024.02.22"]
[Round "3.38"]
[White "Tashkinova, Sofiia"]
[Black "Myagmarsuren, Evsuld"]
[Result "0-1"]
[ECO "B88"]
[WhiteElo "2016"]
[BlackElo "2142"]
[Annotator "RC"]
[PlyCount "146"]
[EventDate "2024.02.21"]
[EventType "swiss"]
[EventCountry "NOR"]
[SourceTitle "playchess.com"]
[Source "ChessBase"]
[SourceQuality "1"]
[TimeControl "5400+30"]

1. e4 c5 2. Nf3 d6 3. d4 cxd4 4. Nxd4 Nf6 5. Nc3 a6 6. Bc4 e6 7. a4 Be7 8. O-O O-O 9. Be3 Nc6 10. Qe2 Qc7 11. Nxc6 bxc6 12. a5 d5 13. Bb6 Qb7 14. Bd3 Nd7 15. Na4 Bd8 16. Nc5 Qb8 17. Nxd7 Bxd7 18. Bc5 Re8 19. b4 Be7 20. Rab1 Bc8 21. e5 g6 22. h4 Bxh4 23. g3 Be7 24. Kg2 Qb7 25. Rh1 f5 26. Qe3 Qd7 27. Qd4 Rb8 28. Bb6 Bd8 29. Ba7 Ra8 30. Bc5 Be7 31. Rh6 Rf8 32. Rbh1 Rf7 33. g4 Rg7 34. gxf5 gxf5+ 35. Kf1 Rb8 36. Bb6 Bd8 37. Bc5 Be7 38. Ke2 Bxc5 39. Qxc5 Qc7 40. f4 Qe7 41. Qxc6 Bd7 42. Qc5 Rxb4 43. Qxe7 Rxe7 44. Bxa6 Rxf4 45. Bd3 Ra4 46. a6 Bc8 47. Rg1+ Kf8 48. Rh3 Bxa6 49. Bxa6 Rxa6 50. Rb3 Ra4 51. Rb8+ Kf7 52. Rgg8 Rc7 53. Rbf8+ Ke7 54. Re8+ Kd7 55. Rd8+ Kc6 56. Rg3 Re4+ 57. Kd2 Kc5 58. c3 Rxe5 59. Rg1 f4 60. Rf8 Rf5 61. Rxf5 exf5 62. Rf1 Kd6 63. Rxf4 Ke5 64. Rh4 Kf6 65. Kd3 Kg5 66. Rh1 f4 67. Kd4 f3 68. Kxd5 f2 69. Rf1 Rf7 70. Ke6 Rf3 71. c4 Kg4 72. c5 Kg3 73. c6 Kg2 0-1

[Event "Kragero Resort Title 2024"]
[Site "Kragero"]
[Date "2024.02.22"]
[Round "3.39"]
[White "Hoiberg, Nina"]
[Black "Vasilijevic, Vili"]
[Result "1/2-1/2"]
[ECO "B53"]
[WhiteElo "2133"]
[BlackElo "1881"]
[Annotator "ChessBase"]
[PlyCount "92"]
[EventDate "2024.02.21"]
[EventType "swiss"]
[EventCountry "NOR"]
[SourceTitle "playchess.com"]
[Source "ChessBase"]
[SourceQuality "1"]
[TimeControl "5400+30"]

1. e4 c5 2. Nf3 d6 3. d4 cxd4 4. Qxd4 Nc6 5. Bb5 Bd7 6. Qd3 a6 7. Bxc6 Bxc6 8. Nc3 g6 9. Be3 Bg7 10. O-O Qc7 11. a4 Nf6 12. Nd5 Bxd5 13. exd5 Rc8 14. c3 O-O 15. a5 Nd7 16. Rfe1 Rfe8 17. Bg5 Bf6 18. h4 Qc4 19. Qxc4 Rxc4 20. Nd2 Rc7 21. Ne4 Bxg5 22. hxg5 Ne5 23. f4 Nd3 24. Nf6+ Kf8 25. Nxe8 Kxe8 26. Re3 Nxb2 27. g4 Nc4 28. Re4 Rc5 29. Rae1 Rc7 30. f5 Ne5 31. R1e3 Rc5 32. Rb4 Rxa5 33. Rxb7 Rxd5 34. f6 exf6 35. gxf6 Rc5 36. Rh3 h5 37. gxh5 gxh5 38. Re3 Rc4 39. Ra7 h4 40. Rxa6 Rf4 41. Ra2 Rxf6 42. Rf2 Rg6+ 43. Kf1 Rg4 44. Rg2 Re4 45. Rge2 Rf4+ 46. Rf2 Re4 1/2-1/2

[Event "Kragero Resort Title 2024"]
[Site "Kragero"]
[Date "2024.02.22"]
[Round "3.41"]
[White "Hammari, Vinjar"]
[Black "Verbin, Valentina"]
[Result "1/2-1/2"]
[ECO "B43"]
[WhiteElo "1875"]
[BlackElo "2063"]
[Annotator "ChessBase"]
[PlyCount "101"]
[EventDate "2024.02.21"]
[EventType "swiss"]
[EventCountry "NOR"]
[SourceTitle "playchess.com"]
[Source "ChessBase"]
[SourceQuality "1"]
[TimeControl "5400+30"]

1. e4 c5 2. Nc3 e6 3. Nge2 a6 4. d4 cxd4 5. Nxd4 Qc7 6. Qf3 Nf6 7. Qg3 Qxg3 8. hxg3 Bb4 9. Bd3 d6 10. Bd2 Nbd7 11. f3 Ne5 12. Be2 Bd7 13. Nb3 Ke7 14. a3 Bc5 15. Nxc5 dxc5 16. Be3 b6 17. g4 h6 18. Kf2 Bc6 19. g5 hxg5 20. Rxh8 Rxh8 21. Bxg5 b5 22. f4 Ned7 23. Rd1 Ke8 24. Bf3 b4 25. axb4 cxb4 26. Na2 a5 27. Ke3 Nxe4 28. Bxe4 Bxe4 29. Kxe4 f6 30. Bxf6 gxf6 31. Nc1 Nc5+ 32. Kd4 Na4 33. Nd3 Ke7 34. Ra1 Rd8+ 35. Ke4 Nb6 36. Rxa5 f5+ 37. Kf3 b3 38. Nb4 bxc2 39. Rc5 Rd4 40. Nxc2 Rd3+ 41. Kf2 Rb3 42. Nd4 Rxb2+ 43. Kg3 Nd7 44. Rc3 Rd2 45. Nf3 Re2 46. Ng5 Nf6 47. Kf3 Rd2 48. Rc6 Rd3+ 49. Ke2 Rd6 50. Rc7+ Rd7 51. Rc6 1/2-1/2

[Event "Kragero Resort Title 2024"]
[Site "Kragero"]
[Date "2024.02.22"]
[Round "3.42"]
[White "Ter-Avetisjana, Agnesa Stepania"]
[Black "Gasland, Lukas Dominik"]
[Result "1-0"]
[ECO "B51"]
[WhiteElo "2047"]
[BlackElo "1866"]
[Annotator "ChessBase"]
[PlyCount "91"]
[EventDate "2024.02.21"]
[EventType "swiss"]
[EventCountry "NOR"]
[SourceTitle "playchess.com"]
[Source "ChessBase"]
[SourceQuality "1"]
[TimeControl "5400+30"]

1. e4 c5 2. Nf3 d6 3. Bb5+ Nd7 4. c3 Ngf6 5. Qe2 e6 6. O-O a6 7. Ba4 Be7 8. d4 O-O 9. e5 Nd5 10. Rd1 cxd4 11. cxd4 b5 12. Bc2 Bb7 13. Nc3 Qc7 14. Nxd5 Bxd5 15. Be4 Bxe4 16. Qxe4 Rfc8 17. Bg5 d5 18. Qf4 Nb6 19. Rac1 Bxg5 20. Qxg5 Qb7 21. Ne1 Na4 22. Qd2 b4 23. h4 Qb5 24. h5 h6 25. g4 Rc4 26. g5 Kh7 27. gxh6 gxh6 28. Qd3+ Kg7 29. Qg3+ Kh7 30. Qf3 Rg8+ 31. Kh2 Qd7 32. Qd3+ Kg7 33. Nf3 Rxc1 34. Rxc1 a5 35. Rg1+ Kf8 36. Qh7 Rxg1 37. Kxg1 Qc7 38. Qxh6+ Ke8 39. Qh8+ Kd7 40. Qf8 Qc1+ 41. Kg2 Qf4 42. Qg7 Nxb2 43. h6 Nd3 44. h7 Qf5 45. h8=Q Nf4+ 46. Kh2 1-0

[Event "Kragero Resort Title 2024"]
[Site "Kragero"]
[Date "2024.02.22"]
[Round "3.43"]
[White "Haugen, Lars Tormod"]
[Black "Lilliehook, Victor"]
[Result "1-0"]
[ECO "C01"]
[WhiteElo "1847"]
[BlackElo "2042"]
[Annotator "ChessBase"]
[PlyCount "47"]
[EventDate "2024.02.21"]
[EventType "swiss"]
[EventCountry "NOR"]
[SourceTitle "playchess.com"]
[Source "ChessBase"]
[SourceQuality "1"]
[TimeControl "5400+30"]

1. c4 e6 2. e4 d5 3. exd5 exd5 4. d4 Nf6 5. Nf3 Bg4 6. Nc3 Nc6 7. cxd5 Nxd5 8. Bc4 Qe7+ 9. Kf1 Nxc3 10. bxc3 Qd6 11. Bxf7+ Kd7 12. h3 Bf5 13. Nh4 Qf6 14. Qf3 g6 15. Qd5+ Bd6 16. Nxf5 gxf5 17. Bh5 Rad8 18. h4 h6 19. Rb1 Kc8 20. Qb5 Qe7 21. Qxb7+ Kd7 22. Bf3 Nb8 23. Qb5+ c6 24. Qxf5+ 1-0

[Event "Kragero Resort Title 2024"]
[Site "Kragero"]
[Date "2024.02.22"]
[Round "4.25"]
[White "Valvag, Torbjorn"]
[Black "Vinter-Schou, Uffe"]
[Result "1/2-1/2"]
[ECO "A46"]
[WhiteElo "1951"]
[BlackElo "2354"]
[Annotator "RC"]
[PlyCount "87"]
[EventDate "2024.02.21"]
[EventType "swiss"]
[EventCountry "NOR"]
[SourceTitle "playchess.com"]
[Source "ChessBase"]
[SourceQuality "1"]
[TimeControl "5400+30"]

1. d4 Nf6 2. Bf4 e6 3. Nf3 c5 4. e3 Nc6 5. c3 Nh5 6. Bg5 Qb6 7. Qb3 h6 8. Bh4 g5 9. Bg3 Nxg3 10. hxg3 Bg7 11. Nbd2 d5 12. dxc5 Qxc5 13. Bd3 Bd7 14. O-O Rc8 15. Rac1 Na5 16. Qc2 Qe7 17. Nd4 Nc6 18. Qb3 Na5 19. Qd1 O-O 20. g4 Nc6 21. Bb1 Be5 22. g3 Qf6 23. Kg2 Bd6 24. N2f3 Ne7 25. Qc2 Qg7 26. Rh1 e5 27. Nf5 Nxf5 28. gxf5 g4 29. Nh4 Be7 30. f6 Bxf6 31. Nf5 Bxf5 32. Qxf5 Rfd8 33. Rh5 Rc6 34. Rch1 Bg5 35. Qxg4 e4 36. Rd1 Qg6 37. Bxe4 dxe4 38. Rxg5 hxg5 39. Rxd8+ Kg7 40. Rd5 Kh6 41. Re5 Re6 42. Rxe6 fxe6 43. Qd1 Qf5 44. Qh1+ 1/2-1/2

[Event "Kragero Resort Title 2024"]
[Site "Kragero"]
[Date "2024.02.22"]
[Round "4.26"]
[White "Aayush Bhattacherjee"]
[Black "Ramirez Ruacho, Juan Manuel"]
[Result "0-1"]
[ECO "B33"]
[WhiteElo "2410"]
[BlackElo "2117"]
[Annotator "RC"]
[PlyCount "60"]
[EventDate "2024.02.21"]
[EventType "swiss"]
[EventCountry "NOR"]
[SourceTitle "playchess.com"]
[Source "ChessBase"]
[SourceQuality "1"]
[TimeControl "5400+30"]

1. e4 c5 2. Nf3 Nc6 3. d4 cxd4 4. Nxd4 Nf6 5. Nc3 e5 6. Ndb5 d6 7. Bg5 a6 8. Na3 b5 9. Nd5 Be7 10. Bxf6 Bxf6 11. c3 O-O 12. Be2 Bg5 13. O-O Be6 14. Nc2 Ne7 15. c4 Bxd5 16. cxd5 Qb6 17. Qd3 g6 18. a4 f5 19. axb5 fxe4 20. Qg3 Bf4 21. Qg4 Nf5 22. g3 Bh6 23. Qxe4 axb5 24. Rxa8 Rxa8 25. Qb4 Rc8 26. Na3 Rc5 27. Nc4 Qc7 28. Na3 Nd4 29. Bd3 Bd2 30. Qxd2 Nf3+ 0-1